 Dungeon Crawl Stone Soup version 0.32-a0-18-g89e19f1974 (webtiles) character file.

Game seed: 18404571145673265751

5468 tinfoiltophat the Thaumaturge (level 11, -4/81 HPs)
             Began as a Djinni Fire Elementalist on Jan 16, 2024.
             Was an Elder of Makhleb.
             Shot with an arrow by a centaur (14 damage)
             ... on level 9 of the Dungeon.
             The game lasted 00:21:34 (8927 turns).

tinfoiltophat the Thaumaturge (DjFE)                Turns: 8927, Time: 00:21:34

Health: -4/81      AC:  6    Str: 10    XL:     11   Next: 0%
Gold:   411        EV: 12    Int: 28    God:    Makhleb [****..] SH:  0 Dex: 11

rFire   + + .        n - +9 quarterstaff of Uskayaw {pain, rN+ Int+3}
rCold   x . .        (shield currently unavailable)
rNeg    + . .        M - +0 acid dragon scales
rPois   ∞            j - +0 hat
rElec   .            (no cloak)
rCorr   +            (no gloves)
SInv    +            (boots unavailable)
Will    +....        (no amulet)
Stlth   +            c - ring of see invisible
HPRegen 0.33/turn    O - ring of wizardry
MPRegen 0.00/turn

%: wizardry (x1), infuse magic (-5 HP)
@: flying
A: sickness immunity, fire resistance 2, cold vulnerability 1, float, innate
caster, HP casting, extra vitality 1, clever 1, strong 1, sturdy frame 1
a: Renounce Religion, Minor Destruction, Lesser Servant of Makhleb, Major
Destruction


You were on level 9 of the Dungeon.
You worshipped Makhleb.
Makhleb was greatly pleased with you.
You visited 1 branch of the dungeon, and saw 9 of its levels.
You also visited: Sewer.

You collected 411 gold pieces.

Inventory:

Hand Weapons
 k - the +10 dagger "Roame" {elec, rPois}
   (You found it on level 2 of the Dungeon)

   rPois:     It protects you from poison
 n - the +9 quarterstaff of Uskayaw (weapon) {pain, rN+ Int+3}
   (You found it on level 2 of the Dungeon)

   Int+3:     It affects your intelligence (+3).
   rN+:       It protects you from negative energy.
Armour
 a - a +0 robe
 j - a +0 hat (worn)
 D - the +7 chain mail "Irghotuq" {rF+ Dex+2}
   (You found it on level 6 of the Dungeon)

   Dex+2:     It affects your dexterity (+2).
   rF+:       It protects you from fire.
 H - +0 steam dragon scales
 M - +0 acid dragon scales (worn)
Magical Staves
 A - a staff of air
Jewellery
 c - a ring of see invisible (left hand)
 I - a ring of resist corrosion
 K - a ring of fire
 O - a ring of wizardry (right hand)
Wands
 v - a wand of acid (17)
 w - a wand of polymorph (5)
 B - a wand of mindburst (17)
 E - a wand of flame (20)
 G - a wand of paralysis (10)
Scrolls
 b - 2 scrolls of immolation
 e - 2 scrolls of amnesia
 g - a scroll of blinking
 h - 2 scrolls of acquirement {unknown}
 i - 2 scrolls of teleportation
 s - a scroll of noise {unknown}
 x - a scroll of torment {unknown}
 y - 2 scrolls of poison {unknown}
 z - a scroll of enchant weapon {unknown}
 J - a scroll of revelation {unknown}
 L - a scroll of identify
Potions
 d - 3 potions of lignification
 f - 2 potions of enlightenment {unknown}
 l - 4 potions of heal wounds
 m - a potion of ambrosia {unknown}
 o - 2 potions of brilliance
 p - 2 potions of mutation
 q - 4 potions of haste
 r - 2 potions of invisibility
 t - 2 potions of resistance {unknown}
 u - 7 potions of degeneration
 C - a potion of attraction {unknown}
 F - 2 potions of curing {unknown}
 N - a potion of berserk rage {unknown}


   Skills:
 + Level 7.9 Fighting
 + Level 7.0 Staves
 - Level 2.1 Dodging
 - Level 1.5 Stealth
 * Level 9.2 Spellcasting
 * Level 9.2 Conjurations
 * Level 9.2 Hexes
   Level 0.0 Charms
 * Level 9.2 Summonings
 * Level 9.2 Necromancy
 * Level 9.2 Translocations
   Level 0.0 Transmutations
 * Level 9.2 Fire Magic
 * Level 9.2 Ice Magic
 * Level 9.2 Air Magic
 * Level 9.2 Earth Magic
 * Level 9.2 Alchemy


You knew the following spells:

 Your Spells              Type           Power      Damage    Failure   Level
a - Foxfire               Conj/Fire      100%       2x1d9     1%          1
b - Scorch                Fire           100%       2d9       1%          2
c - Volatile Blastmotes   Fire/Tloc      100%       2d18      1%          3
d - Inner Flame           Hex/Fire       59%        N/A       1%          3
e - Flame Wave            Conj/Fire      59%        2d14      1%          4
f - Kiss of Death         Conj/Necr      100%       2d13      1%          1
g - Searing Ray           Conj           100%       2d8       1%          2
h - Ozocubu's Armour      Ice            59%        N/A       1%          3
i - Vhi's Electric Charg  Tloc/Air       100%       N/A       1%          4
j - Petrify               Alch/Erth      59%        N/A       1%          4
Your spell library was empty.

Dungeon Overview and Level Annotations

Branches:
Dungeon (9/15)             Temple (0/1) D:6           Sewer (visited)
   Lair: D:8-11         Orc: D:9-12

Altars:
Ashenzari
Fedhas
Makhleb
Okawaru
Ru
Wu Jian
Zin

Shops:
D:1 *   D:7 =*[

Annotations:
D:4 3 runed translucent doors, variable76's ghost, amateur DsFi
D:5 2 runed translucent doors, epsilonplus's ghost, amateur VSMo


Innate Abilities, Weirdness & Mutations

You are immune to sickness and miasma.
You are immune to poison.
Your flesh is very heat resistant. (rF++)
You are vulnerable to cold. (rC-)
You float through the air rather than walking.
You learn spells naturally, not from books.
Your magical power is your life essence.
You have superior vitality. (+4 MHP)
Your mind is acute. (Int +4, Str/Dex -1)
Your muscles are strong. (Str +4, Int/Dex -1)
Your movements are slightly less encumbered by armour. (ER -2)


Message History

The hornet completely misses you. The hornet stings you.
The centaur shoots an arrow.
The arrow hits you!
There is a stone staircase leading up here.
Casting: Scorch (safe; 1% risk of failure)
Confirm with . or Enter, or press ? or * to list all spells.
Flames lash the hornet.
The hornet is lightly wounded.
The hornet's fire resistance burns away.
The hornet stings you.
The centaur shoots an arrow.
The arrow hits you.
Casting: Scorch (safe; 1% risk of failure)
Confirm with . or Enter, or press ? or * to list all spells.
Flames lash the centaur.
The centaur is moderately wounded.
The centaur's fire resistance burns away.
The hornet barely misses you.
The centaur shoots an arrow.
The arrow hits you but does no damage. The hornet stings you.
The centaur shoots an arrow.
The arrow barely misses you.
Casting: Scorch (safe; 1% risk of failure)
Confirm with . or Enter, or press ? or * to list all spells.
Casting: Flame Wave (safe; 1% risk of failure)
Press: ? - help, Dir - look around, f - activate A wave of flame ripples out!
The flame wave engulfs the hornet!
The hornet is burned terribly!
The hornet is moderately wounded. (Press . to intensify the flame waves.)
The hornet stings you!
The centaur shoots an arrow.
The arrow hits you.
* * * LOW HITPOINT WARNING * * *
A wave of flame ripples out!
The flame wave engulfs the hornet!!
The hornet is burned terribly!
The hornet is almost dead.
* * * LOW HITPOINT WARNING * * *
The hornet is no longer more vulnerable to fire.
The hornet closely misses you.
The centaur shoots an arrow.
The arrow hits you but does no damage. The hornet barely misses you.
The centaur shoots an arrow.
The arrow hits you!
* * * LOW HITPOINT WARNING * * *
The hornet stings you.
* * * LOW HITPOINT WARNING * * *
The centaur shoots an arrow.
The arrow hits you!
You die...

#........
#.........
#.........
#.........
#.........
#.........
#.y.......
.######@........
................
.#####..........
#.).c....[.
#..[.).....
#..)...)...
#..........
#..[.......
#..........


You could see a hornet and a centaur (combustible).

Vanquished Creatures
  Erica (D:8)
  An oklob plant (D:8)
  A hornet (D:5)
  Grinder (D:4)
  3 steam dragons
  An acid dragon (D:8)
  2 sky beasts (D:7)
  4 ice beasts
  3 ogres
  3 centaurs
  6 kobold brigands
  2 phantoms
  3 bullfrogs
  A brain worm (Sewer)
  2 scorpions
  8 wights (D:8)
  A bombardier beetle (D:4)
  3 hounds
  2 jellies
  Crazy Yiuf (D:7)
  6 orc priests
  3 sleepcaps
  3 gnoll boudas
  Ijyb (D:4)
  2 iguanas
  8 orc wizards
  15 gnolls
  6 adders
  2 river rats (D:3)
  2 dart slugs
  A ribbon worm (D:2)
  28 orcs
  7 bats
  8 endoplasms
  3 giant cockroaches (D:1)
  6 goblins
  7 hobgoblins
  12 jackals
  4 quokkas
  8 ball pythons
  4 frilled lizards
  23 kobolds
  8 rats
216 creatures vanquished.

Vanquished Creatures (collateral kills)
  9 foxfires
9 creatures vanquished.

Vanquished Creatures (others)
  739 foxfires
739 creatures vanquished.

Grand Total: 964 creatures vanquished

Notes
Turn   | Place    | Note
-------+----------+-------------------------------------------
     0 | D:1      | tinfoiltophat the Djinni Fire Elementalist began the quest
                  | for the Orb.
     0 | D:1      | tinfoiltophat set off with the following spells memorised:
                  | Foxfire, Scorch, Volatile Blastmotes, Inner Flame, Flame
                  | Wave.
     0 | D:1      | Reached XP level 1. HP: 15/15 MP: 0/0
    49 | D:1      | Found Ejais's Assorted Antiques.
   279 | D:1      | Reached XP level 2. HP: 19/22 MP: 0/0
   491 | D:1      | Reached skill level 1 in Fighting
   720 | D:1      | Reached XP level 3. HP: 23/27 MP: 0/0
   720 | D:1      | Learned a level 1 spell: Kiss of Death
  1347 | D:2      | Identified the +10 dagger "Roame" {elec, rPois}
  1442 | D:2      | Found a faded altar of an unknown god.
  1480 | D:2      | Prayed at the altar of an unknown god.
  1480 | D:2      | Became a worshipper of Makhleb the Destroyer
  1480 | D:2      | Reached * piety under Makhleb
  1487 | D:2      | Reached XP level 4. HP: 30/32 MP: 0/0
  1868 | D:2      | Identified the +9 quarterstaff of Uskayaw {pain, rN+ Int+3}
  2064 | D:3      | Reached XP level 5. HP: 31/38 MP: 0/0
  2064 | D:3      | Learned a level 2 spell: Searing Ray
  2212 | D:3      | Found a glowing drain.
  2228 | D:3      | Reached skill level 1 in Staves
  2236 | Sewer    | Entered a sewer
  2373 | Sewer    | Noticed a kobold brigand
  2373 | Sewer    | Noticed a kobold brigand
  2380 | Sewer    | Killed a kobold brigand
  2380 | Sewer    | Reached ** piety under Makhleb
  2381 | Sewer    | Reached XP level 6. HP: 39/45 MP: 0/0
  2530 | Sewer    | Reached skill level 5 in Spellcasting
  2530 | Sewer    | Reached skill level 5 in Conjurations
  2530 | Sewer    | Reached skill level 5 in Hexes
  2530 | Sewer    | Reached skill level 5 in Summonings
  2530 | Sewer    | Reached skill level 5 in Necromancy
  2530 | Sewer    | Reached skill level 5 in Translocations
  2530 | Sewer    | Reached skill level 5 in Fire Magic
  2530 | Sewer    | Reached skill level 5 in Ice Magic
  2530 | Sewer    | Reached skill level 5 in Air Magic
  2530 | Sewer    | Reached skill level 5 in Earth Magic
  2530 | Sewer    | Reached skill level 5 in Alchemy
  2530 | Sewer    | Reached XP level 7. HP: 25/50 MP: 0/0
  2530 | Sewer    | Learned a level 3 spell: Ozocubu's Armour
  3160 | D:4      | Found a runed translucent gate.
  3160 | D:4      | Found a runed translucent gate.
  3160 | D:4      | Found a runed translucent gate.
  3254 | D:4      | Noticed Ijyb
  3280 | D:4      | Killed Ijyb
  3345 | D:4      | Reached XP level 8. HP: 58/58 MP: 0/0
  3452 | D:4      | Noticed variable76's ghost (amateur DsFi)
  3638 | D:4      | Noticed Grinder
  3645 | D:4      | Killed Grinder
  3645 | D:4      | Reached *** piety under Makhleb
  3682 | D:4      | Found a sacrificial altar of Ru.
  3686 | D:4      | Found an ornate altar of the Wu Jian Council.
  3686 | D:4      | Found an iron altar of Okawaru.
  3687 | D:4      | Found a glowing silver altar of Zin.
  3691 | D:4      | Found a broken altar of Ashenzari.
  4188 | D:5      | Entered Level 5 of the Dungeon
  4202 | D:5      | Noticed a hornet
  4210 | D:5      | Killed a hornet
  4211 | D:5      | Reached skill level 5 in Fighting
  4211 | D:5      | Reached XP level 9. HP: 33/65 MP: 0/0
  4211 | D:5      | Learned a level 4 spell: Vhi's Electric Charge
  4652 | D:5      | Found a large runed translucent door.
  4658 | D:5      | Found a large runed translucent door.
  4660 | D:5      | Noticed epsilonplus's ghost (amateur VSMo)
  4968 | D:6      | Identified the +7 chain mail "Irghotuq" {rF+ Dex+2}
  5071 | D:6      | Found a staircase to the Ecumenical Temple.
  5122 | D:6      | Reached skill level 5 in Staves
  5200 | D:6      | Reached **** piety under Makhleb
  5809 | D:7      | Found Duytum Repa's Armour Boutique.
  5809 | D:7      | Found Giulac's General Store.
  5809 | D:7      | Found Zuoja's Jewellery Boutique.
  6040 | D:7      | Reached XP level 10. HP: 69/73 MP: 0/0
  6863 | D:7      | Found a runed translucent door.
  6864 | D:7      | Noticed Crazy Yiuf
  6869 | D:7      | Killed Crazy Yiuf
  7107 | D:8      | Gained mutation: Your movements are slightly less
                  | encumbered by armour. (ER -2) [potion of mutation]
  7107 | D:8      | Gained mutation: Your muscles are strong. (Str +4, Int/Dex
                  | -1) [potion of mutation]
  7107 | D:8      | Gained mutation: Your mind is acute. (Int +4, Str/Dex -1)
                  | [potion of mutation]
  7227 | D:8      | Noticed Erica
  7236 | D:8      | Killed Erica
  7781 | D:8      | Found a blossoming altar of Fedhas.
  7827 | D:8      | Noticed an oklob plant
  8291 | D:8      | Killed an oklob plant
  8632 | D:9      | Reached XP level 11. HP: 35/81 MP: 0/0
  8632 | D:9      | Learned a level 4 spell: Petrify
  8634 | D:9      | HP: 3/81 [centaur/arrow (12)]
  8927 | D:9      | Shot with an arrow by a centaur

Illustrated notes

Levels and vault maps discovered:
D:1:      dpeg_arrival_shelter, layout_loops_corners, serial_shops, shop
D:2:      layout_loops_ring, hellmonk_ecumenical_altar_blasted,
          roderic_serpentine_path
D:3:      layout_rooms, portal_sewer_entry_a, minmay_misc_feat_room
D:4:      layout_basic, minitemple, gammafunk_ghost_icy, uniq_ijyb, uniq_grinder
D:5:      layout_rooms, ebering_ghost_disaster_area
D:6:      layout_gridville, minmay_temple_entry_tees, blue_anna_alchemist
D:7:      layout_loops_cross, nicolae_shop_distant_corner_stores,
          serial_library_regret_index_branch_corner, corexii_corridor_pit,
          uniq_crazy_yiuf_cottage
D:8:      layout_loops_ring, tgw_fedhas, uniq_erica
D:9:      layout_basic, enter_bailey_5, grunt_decor_junction

Skill      XL: |  1  2  3  4  5  6  7  8  9 10 |
---------------+-------------------------------+-----
Fighting       | 1 2 3 4 5 6 7 |  7.9
Spellcasting   | 4 5 6 7 9 |  9.2
Conjurations   | 4 5 6 7 9 |  9.2
Hexes          | 4 5 6 7 9 |  9.2
Summonings     | 4 5 6 7 9 |  9.2
Necromancy     | 4 5 6 7 9 |  9.2
Translocations | 4 5 6 7 9 |  9.2
Fire Magic     | 4 5 6 7 9 |  9.2
Ice Magic      | 4 5 6 7 9 |  9.2
Air Magic      | 4 5 6 7 9 |  9.2
Earth Magic    | 4 5 6 7 9 |  9.2
Alchemy        | 4 5 6 7 9 |  9.2
Staves         | 1 2 3 4 5 7 |  7.0
Dodging        | |  2.1
Stealth        | |  1.5

Action                     |  1- 3 |  4- 6 |  7- 9 | 10-12 || total
---------------------------+-------+-------+-------+-------++-------
  Melee: Quarterstaff      |       |    11 |    21 |   142 ||   174
         Unarmed           |       |       |     8 |       ||     8
   Cast: Foxfire           |   111 |    62 |   262 |    45 ||   480
         Scorch            |     1 |    21 |    28 |    32 ||    82
         Searing Ray       |       |     4 |     2 |     1 ||     7
         Flame Wave        |       |       |     1 |     3 ||     4
         Inner Flame       |       |       |     4 |    13 ||    17
    Use: Scroll            |       |       |     3 |     6 ||     9
         Potion            |       |       |       |     2 ||     2
 Armour: Robe              |     3 |    11 |    13 |     3 ||    30
         Skin              |       |       |     2 |       ||     2
         Steam dragon scal |       |       |       |    17 ||    17
         Acid dragon scale |       |       |       |    33 ||    33
  Dodge: Dodged            |     3 |    17 |    30 |    27 ||    77

Table legend: (Time is in decaauts)
 A = Elapsed time spent in this place.
 B = Non-inter-level travel time spent in this place.
 C = Inter-level travel time spent in this place.
 D = Time resting spent in this place.
 E = Time spent auto-exploring this place.
 F = Levels seen in this place.
 G = Mean time per level.
                   A        B        C        D        E       F      G
               +--------+--------+--------+--------+--------+-----+--------+
         Total |   8923 |   8469 |    454 |    689 |   6301 |  10 |  892.3 |
       Dungeon |   8386 |   7932 |    454 |    689 |   5872 |   9 |  931.8 |
         Sewer |    536 |    536 |      0 |      0 |    429 |   1 |  536.0 |
               +--------+--------+--------+--------+--------+-----+--------+

Top non-repeatable levels by time:
     D:8: 1936 daAuts
     D:4: 1150 daAuts
     D:7: 1099 daAuts
     D:1: 1095 daAuts
     D:6: 969 daAuts
     D:2: 879 daAuts
     D:5: 704 daAuts
   Sewer: 536 daAuts
     D:3: 524 daAuts
     D:9: 26 daAuts
